AoeStats
← IhateArena

Arabia

505992051Analyzed
1v1 RM · 20d ago on Sep 11, 2026· 47m 10s· 2 players
Game mode
Random Map
Map size
Tiny (2 player)
Population
200
Speed
Normal
Resources
Standard
Victory
Conquest
Starting age
Dark Age
Ending age
Imperial Age
RankedLock teamsTeams togetherTeam positionsShared explorationLock speedFull tech treeHidden civsTurbo modeCheats
Victory
Defeat
🇬🇧 Slavs · United Kingdom
1728
+13
🇵🇪 Shu · Peru
1665
-13
IhateArena
3:07 Loom
11:06 Feudal Age
11:46 Double-Bit Axe
16:01 Horse Collar
23:21 Castle Age
22:18 Fletching
23:31 Wheelbarrow
24:06 Bodkin Arrow
24:13 Husbandry
24:51 Thumb Ring
26:43 Gold Mining
28:11 Ballistics
28:42 Padded Archer Armor
32:06 Bow Saw
37:37 Imperial Age
35:59 Squires
35:19 Pikeman
36:41 Scale Mail Armor
36:56 Arson
36:57 Gambesons
37:51 Hand Cart
37:39 Halberdier
38:40 Conscription
37:47 Capped Ram
40:04 Two-Man Saw
40:26 Chain Mail Armor
40:37 Scale Barding Armor
41:59 Siege Ram
42:54 Coiled Serpent Array
44:10 Plate Mail Armor
43:51 Forging
46:52 Chain Barding Armor
dlms9
8:13 Loom
11:03 Feudal Age
11:31 Double-Bit Axe
11:26 Horse Collar
20:36 Castle Age
18:58 Gold Mining
19:40 Bloodlines
19:57 Scale Barding Armor
21:38 Chain Barding Armor
21:40 Bow Saw
22:29 Heavy Plow
25:52 Wheelbarrow
25:25 Town Watch
26:19 Husbandry
27:44 Stone Mining
35:15 Imperial Age
35:43 Forging
36:48 Plate Barding Armor
38:26 Scale Mail Armor
39:01 Iron Casting
38:18 Cavalier
40:38 Two-Man Saw
40:40 Hand Cart
40:56 Crop Rotation
40:07 Light Cavalry
41:02 Fletching
42:17 Heavy Scorpion
43:32 Detinets
45:48 Chemistry
45:33 Ballistics
47:44 Blast Furnace
Connection lost

Rejoining the realm…

Still unreachable

The connection could not be restored.

Session expired

The server has moved on; the page needs a fresh start.